 Dungeon Crawl Stone Soup version 0.23-a0-402-g64599a1 (webtiles) character file.

648 RonnieColeman the Magician (level 7, -4/36 HPs)
             Began as a Deep Elf Fire Elementalist on Nov 3, 2018.
             Slain by Grinder (7 damage)
             ... on level 4 of the Dungeon.
             The game lasted 00:11:11 (3216 turns).

RonnieColeman the Magician (DEFE)                   Turns: 3216, Time: 00:11:11

Health: -4/36      AC:  4    Str:  5    XL:     7   Next: 27%
Magic:  6/19       EV: 16    Int: 22    God:
Gold:   197        SH:  0    Dex: 15    Spells: 14/20 levels left

rFire    . . .     SeeInvis .   z - +3 falchion
rCold    . . .     Gourm    .   (no shield)
rNeg     . . .     Faith    .   a - +0 robe
rPois    .         Spirit   .   p - +0 helmet
rElec    .         Reflect  .   (no cloak)
rCorr    .         Harm     .   f - +0 pair of gloves
MR       .....                  (no boots)
Stlth    ++........             (no amulet)
HPRegen  0.12/turn              o - +3 ring of evasion
MPRegen  0.16/turn              A - ring of wizardry

@: no status effects
A: no striking features
a: no special abilities


You were on level 4 of the Dungeon.
You were hungry.

You visited 1 branch of the dungeon, and saw 4 of its levels.

You collected 197 gold pieces.

Inventory:

Hand Weapons
 z - a +3 falchion (weapon)
Armour
 a - a +0 robe (worn)
 f - a +0 pair of gloves (worn)
 p - a +0 helmet (worn)
Jewellery
 o - a +3 ring of evasion (left hand)
 A - a ring of wizardry (right hand)
Wands
 b - a wand of random effects (8)
Scrolls
 d - a scroll of amnesia {unknown}
 i - 3 scrolls of fear {unknown}
 k - a scroll of blinking {unknown}
 m - 2 scrolls of identify {unknown}
 r - a scroll of noise {unknown}
 u - a scroll of immolation {unknown}
 w - a scroll of teleportation {unknown}
 y - a scroll of enchant armour {unknown}
Potions
 e - a potion of agility {unknown}
 g - a potion of berserk rage {unknown}
 h - a potion of flight {unknown}
 j - a potion of curing {unknown}
 l - a potion of haste {unknown}
 n - 2 potions of lignification {unknown}
 q - a potion of ambrosia {unknown}
 s - a potion of resistance {unknown}
 t - a potion of brilliance {unknown}
 v - a potion of magic {unknown}
Comestibles
 c - 6 rations


   Skills:
 - Level 2.4 Dodging
 - Level 2.4 Stealth
 + Level 7.0 Spellcasting
 * Level 4.8 Conjurations
 * Level 5.8 Fire Magic


You had 14 spell levels left.
You knew the following spells:

 Your Spells              Type           Power        Failure   Level  Hunger
a - Flame Tongue          Conj/Fire      ####.        1%          1    None
b - Fireball              Conj/Fire      ####......   11%         5    #####..

Your spell library contained the following spells:

 Spells                   Type           Power        Failure   Level  Hunger
 Throw Flame              Conj/Fire      ####..       1%          2    None
 Conjure Flame            Conj/Fire      ####....     1%          3    None
 Inner Flame              Hex/Fire       ###.....     3%          3    None
 Sticky Flame             Conj/Fire      ####....     3%          4    ###....


Dungeon Overview and Level Annotations

Branches:
Dungeon (4/15)
 Temple: D:4-7

Altars:
Hepliaklqana
Uskayaw

Annotations:
D:2 Sigmund
D:4 Grinder


Message History

The flame tongue hits Grinder.
Grinder appears unharmed.
Grinder gestures at you.
You suddenly lose the ability to move!
Grinder gestures at you.
You shrug off the repeated paralysis!
Grinder hits you.
You writhe in agony.
Grinder barely misses you. Grinder hits you!
* * * LOW HITPOINT WARNING * * *
You writhe in agony.
* * * LOW HITPOINT WARNING * * *
Grinder barely misses you.
You can move again.
Casting: Flame Tongue (safe; 1% risk of failure)
Confirm with . or Enter, or press ? or * to list all spells.
Aiming: Flame Tongue (safe; 1% risk of failure)
Press: ? - help, Shift-Dir - straight line, f/p - Grinder
Aim: Grinder The flame tongue misses Grinder.
Grinder hits you!
You die...

#.#
######....>#...
#.# #.###.....
#.# #.##......
#.# ####......
#.# ##..#..
#.######..
#..##.
#.#......#
######
#.'.###### #
###...@5.#
######....#
...# ..# .# #


You could see Grinder.

Vanquished Creatures
  Eustachio (D:4)
  A phantom (D:4)
  A hound (D:4)
  3 orc wizards (D:4)
  Natasha (thrice) (D:4)
  A worker ant (D:4)
  Robin (D:2)
  6 adders
  4 gnolls
  An ooze (D:3)
  2 worms
  3 leopard geckos
  13 orcs
  6 bats
  2 giant cockroaches
  9 goblins
  10 hobgoblins
  7 jackals
  7 kobolds
  3 quokkas
  4 frilled lizards
  A jackal skeleton (D:4)
  3 rats
92 creatures vanquished.

Notes
Turn   | Place    | Note
-------+----------+-------------------------------------------
     0 | D:1      | RonnieColeman the Deep Elf Fire Elementalist began the
                  | quest for the Orb.
     0 | D:1      | Reached XP level 1. HP: 10/10 MP: 6/6
   457 | D:1      | Reached XP level 2. HP: 15/15 MP: 4/8
   829 | D:2      | Reached skill level 4 in Spellcasting
   851 | D:2      | Reached XP level 3. HP: 16/19 MP: 0/10
  1442 | D:2      | Noticed Robin
  1460 | D:2      | Killed Robin
  1460 | D:2      | Reached XP level 4. HP: 24/24 MP: 2/12
  1510 | D:2      | Noticed Sigmund
  1542 | D:3      | Reached skill level 5 in Spellcasting
  1865 | D:3      | You fall through a shaft!
  1877 | D:4      | Reached XP level 5. HP: 28/28 MP: 6/15
  2010 | D:4      | Reached skill level 6 in Spellcasting
  2099 | D:4      | Noticed Eustachio
  2129 | D:3      | Learned a level 5 spell: Fireball
  2153 | D:3      | Found a hide-covered altar of Uskayaw.
  2188 | D:3      | Found a faded altar of an unknown god.
  2364 | D:3      | Reached XP level 6. HP: 23/32 MP: 6/17
  2769 | D:4      | Noticed Natasha
  2778 | D:4      | Killed Natasha
  2809 | D:4      | Noticed Natasha
  2812 | D:4      | Killed Natasha
  2876 | D:4      | Found a hazy altar of Hepliaklqana.
  2888 | D:4      | Reached skill level 5 in Fire Magic
  2932 | D:4      | Noticed Natasha
  3050 | D:4      | Killed Natasha
  3152 | D:4      | Killed Eustachio
  3152 | D:4      | Reached skill level 7 in Spellcasting
  3152 | D:4      | Reached XP level 7. HP: 19/36 MP: 0/19
  3206 | D:4      | Noticed Grinder
  3210 | D:4      | Paralysed by Grinder for 6 turns
  3216 | D:4      | Slain by Grinder

Vault maps used:
D:1:      lemuel_arrival_funnel, minmay_pentomino_t2
D:2:      cheibrodos_pilgrimage, uniq_robin, uniq_sigmund
D:3:      eat_drink_and_be_merry_uskayaw, chequers_ecumenical_altar_simple,
          minmay_misc_feat_diagonals
D:4:      nicolae_overflow_crystal_walls, first_ration,
          nicolae_tso_swordbearing_angel, uniq_natasha, uniq_eustachio,
          uniq_grinder

Skill      XL: |  1  2  3  4  5  6 |
---------------+-------------------+-----
Spellcasting   | 4 5 6 7 |  7.0
Conjurations   | 2 3 4 |  4.8
Fire Magic     | 4 5 |  5.8
Dodging        | |  2.4
Stealth        | |  2.4

Action                   |  1- 3 |  4- 6 |  7- 9 || total
-------------------------+-------+-------+-------++-------
Melee: Dagger            |    34 |    11 |       ||    45
       Club              |     4 |       |       ||     4
       Falchion          |       |     4 |       ||     4
 Cast: Flame Tongue      |    72 |   126 |     4 ||   202
       Fireball          |       |     3 |       ||     3
  Eat: Chunk             |     2 |     5 |       ||     7
Armor: Robe              |    20 |    14 |       ||    34
Dodge: Dodged            |    59 |    89 |     3 ||   151
       Rpst.: Falchion   |       |     3 |       ||     3

Table legend:
 A = Non-vault XP
 B = Vault XP
 C = Vault XP percentage of total XP
 D = Non-vault monster count
 E = Vault monster count
 F = Vault count percentage of total count
                 A         B        C        D         E       F
            +---------+---------+-------+---------+---------+-------
      Total |     654 |     273 |  29.4 |      77 |      15 |  16.3
            +---------+---------+-------+---------+---------+-------
        D:1 |      17 |       5 |  22.7 |       9 |       2 |  18.2
        D:2 |      77 |      37 |  32.5 |      22 |      11 |  33.3
        D:3 |     121 |       0 |   0.0 |      23 |       0 |   0.0
        D:4 |     439 |     231 |  34.5 |      23 |       2 |   8.0
            +---------+---------+-------+---------+---------+-------
